 Dungeon Crawl Stone Soup version 0.30.1-9-gdf580d7c3d (webtiles) character file.

Game seed: 16632537558543128848

722 ChiefBigBeans the Trooper (level 7, -13/72 HPs)
             Began as a Troll Berserker on Sept 28, 2023.
             Was a Priest of Trog.
             Mangled by a mummy (17 damage)
             ... in an ossuary.
             The game lasted 00:06:54 (3187 turns).

ChiefBigBeans the Trooper (Troll Berserker)         Turns: 3187, Time: 00:06:55

Health: -13/72     AC:  5    Str: 25    XL:     7   Next: 43%
Magic:  6/6        EV: 10    Int:  2    God:    Trog [***...]
Gold:   215        SH:  0    Dex: 13    Spells: 6/6 levels left

rFire   + . .        i - +2 scythe (heavy)
rCold   . . .        (shield currently unavailable)
rNeg    . . .        o - +1 robe of Fortification {rElec rPois rF+ Str-2}
rPois   +            (helmet restricted)
rElec   +            (no cloak)
rCorr   .            (gloves unavailable)
SInv    .            (boots unavailable)
Will    .....        (no amulet)
Stlth   +            (no ring)
HPRegen 1.12/turn    (no ring)
MPRegen 0.10/turn

%: no passive effects
@: no status effects
A: large, unfitting armour, claws 3, regeneration 1, shaggy fur 1, tough skin 1,
agile 1, screaming 1
a: Renounce Religion, Berserk, Trog's Hand


You were in an ossuary.
You worshipped Trog.
Trog was most pleased with you.
You visited 1 branch of the dungeon, and saw 5 of its levels.
You also visited: Ossuary.

You collected 215 gold pieces.

Inventory:

Hand Weapons
 h - a +1 club
 i - a +2 heavy scythe (weapon)
Armour
 a - a +0 animal skin
 n - a +2 robe of willpower
 o - the +1 robe of Fortification (worn) {rElec rPois rF+ Str-2}
   (You found it on level 4 of the Dungeon)

   Str:       It affects your strength (-2).
   rF:        It protects you from fire.
   rElec:     It insulates you from electricity.
   rPois:     It protects you from poison.
Jewellery
 l - a +5 ring of evasion
Scrolls
 d - a scroll of poison
 f - a scroll of fog
 j - 3 scrolls of teleportation
 k - 2 scrolls of identify
Potions
 b - a potion of might
 c - 3 potions of heal wounds
 e - 3 potions of lignification
 g - a potion of invisibility


   Skills:
 + Level 5.2 Fighting
 - Level 3.1 Maces & Flails
 * Level 3.7 Polearms
 - Level 2.4 Dodging
 - Level 3.0 Unarmed Combat


You had 6 spell levels left.
You didn't know any spells.
Your spell library contained the following spells:

 Spells                   Type           Power      Damage    Failure   Level
 Kiss of Death            Conj/Necr      0%         2d5       54%         1
 Necrotise                Necr           0%         1d4       54%         1
 Sandblast                Erth           0%         2d4       54%         1
 Passwall                 Tmut/Erth      0%         N/A       69%         2
 Confusing Touch          Hex            0%         N/A       89%         3
 Stone Arrow              Conj/Erth      0%         3d7       89%         3
 Summon Guardian Golem    Hex/Summ       0%         N/A       89%         3
 Vampiric Draining        Necr           0%         2d6       89%         3
 Dispel Undead            Necr           0%         3d6       100%        4
 Agony                    Necr           0%         N/A       100%        5
 Orb of Destruction       Conj           0%         9d5       100%        7
 Spellforged Servitor     Conj/Summ      0%         N/A       100%        7
 Borgnjor's Revivificati  Necr           0%         N/A       100%        8
 Necromutation            Tmut/Necr      0%         N/A       100%        8
 Death's Door             Necr           0%         N/A       100%        9


Dungeon Overview and Level Annotations

Branches:
Dungeon (5/15)            Ossuary (1/1)
 Temple: D:4-7

Altars:
Fedhas


Innate Abilities, Weirdness & Mutations

You are too large for most types of armour.
You have claws for hands.
Your natural rate of healing is unusually fast.
You are covered in fur. (AC +1)
You have tough skin. (AC +1)
You are agile. (Dex +4, Str/Int -1)
You occasionally shout uncontrollably at your foes.


Message History

Found a scroll of immolation.
You now have 215 gold pieces (gained 13).
Found a blossoming altar of Fedhas.
Found a dagger.
c - 3 potions of heal wounds (gained 1)
Found a stone staircase leading down.
Found 5 stones.
You open the door.
Found a sand-covered staircase.
Found 17 gold pieces.
There is an open door here.
There is a sand-covered staircase here.
You hear the slow hiss of an avalanche of sand.
The world spins around you as you enter the gateway.
You enter an ossuary!
Found a gate leading back out of this place.
There is an empty arch of ancient stone here.
You reach to attack!
You closely miss the mummy. You hit the mummy.
The mummy is lightly damaged.
The mummy hits you! x4
* * * LOW HITPOINT WARNING * * *
The mummy hits you but does no damage.
You are too injured to fight recklessly!
You are too injured to fight recklessly!
The mummy barely misses you.
There is an empty arch of ancient stone here.
You impale the mummy!!
You destroy the mummy!
Trog accepts your kill. The mummy completely misses you. The mummy hits you.
* * * LOW HITPOINT WARNING * * *
The mummy hits you.
* * * LOW HITPOINT WARNING * * *
The mummy hits you!
* * * LOW HITPOINT WARNING * * *
You hit the mummy but do no damage.
The mummy is lightly damaged.
The mummy hits you!
You die...

#######
#.#.#.#
#.....#
#M@M#
#.∩.#
#...#
#.∩.#
#...#
##+##


You could see 2 mummies.

Vanquished Creatures
  Grinder (D:3)
  Sigmund (D:2)
  A black bear (D:4)
  Jessica (D:2)
  An iguana (D:4)
  Natasha (thrice) (D:2)
  A mummy (Ossuary)
  A gnoll (D:3)
  5 adders
  4 dart slugs
  4 orcs (D:3)
  3 endoplasms
  3 giant cockroaches
  2 goblins (D:1)
  6 hobgoblins
  5 jackals
  6 kobolds
  3 quokkas
  8 ball pythons
  3 bats
  5 frilled lizards
  7 rats
74 creatures vanquished.

Notes
Turn   | Place    | Note
-------+----------+-------------------------------------------
     0 | D:1      | ChiefBigBeans the Troll Berserker began the quest for the
                  | Orb.
     0 | D:1      | Reached XP level 1. HP: 22/22 MP: 0/0
     9 | D:1      | Noticed an electric eel
   263 | D:1      | Reached XP level 2. HP: 29/29 MP: 1/1
   304 | D:1      | Reached skill level 3 in Fighting
   695 | D:2      | Noticed Sigmund
   799 | D:2      | Reached XP level 3. HP: 37/37 MP: 2/2
   849 | D:2      | Noticed Jessica
   856 | D:2      | Killed Jessica
   857 | D:2      | Reached skill level 1 in Maces & Flails
   916 | D:2      | Killed Sigmund
   916 | D:2      | Reached ** piety under Trog
   917 | D:2      | Reached skill level 4 in Fighting
   917 | D:2      | Reached XP level 4. HP: 22/49 MP: 3/3
   917 | D:2      | Reached XP level 5. HP: 25/55 MP: 4/4
  1229 | D:2      | Noticed Natasha
  1232 | D:2      | Found a faded altar of an unknown god.
  1235 | D:2      | Killed Natasha
  1236 | D:2      | Reached XP level 6. HP: 58/62 MP: 5/5
  1279 | D:2      | Noticed Natasha
  1286 | D:2      | Killed Natasha
  1287 | D:2      | Reached skill level 1 in Polearms
  1509 | D:2      | Noticed Natasha
  1513 | D:2      | Killed Natasha
  1578 | D:3      | Noticed Grinder
  1588 | D:3      | Killed Grinder
  1589 | D:3      | Reached XP level 7. HP: 44/71 MP: 6/6
  1954 | D:3      | Reached skill level 5 in Fighting
  2362 | D:4      | Gained mutation: Your magical capacity is low. (-10% MP)
                  | [potion of mutation]
  2362 | D:4      | Gained mutation: You occasionally lose the ability to drink
                  | potions when taking damage. [potion of mutation]
  2433 | D:4      | Reached *** piety under Trog
  2846 | D:4      | Identified the +1 robe of Fortification {rElec rPois rF+
                  | Str-2}
  2872 | D:4      | Lost mutation: You occasionally lose the ability to drink
                  | potions when taking damage. [potion of mutation]
  2872 | D:4      | Lost mutation: Your magical capacity is low. (-10% MP)
                  | [potion of mutation]
  2872 | D:4      | Gained mutation: You occasionally shout uncontrollably at
                  | your foes. [potion of mutation]
  2872 | D:4      | Gained mutation: You are agile. (Dex +4, Str/Int -1)
                  | [potion of mutation]
  3128 | D:5      | Entered Level 5 of the Dungeon
  3139 | D:5      | Found a blossoming altar of Fedhas.
  3171 | D:5      | Found a sand-covered staircase.
  3179 | Ossuary  | Entered an ossuary
  3186 | Ossuary  | HP: 2/72 [mummy (17)]
  3187 | Ossuary  | Mangled by a mummy

Illustrated notes

Levels and vault maps discovered:
D:1:      arrival_aquarium_a, layout_basic
D:2:      layout_loops_cross, hellmonk_ecumenical_altar_zigzags, uniq_jessica,
          uniq_natasha, uniq_sigmund
D:3:      minmay_door_path, layout_loops_cross, item_on_display_a, uniq_grinder
D:4:      layout_loops_ring, minmay_misc_feat_more_columns,
          chequers_serial_rivers_small_3
D:5:      layout_rooms, old_standard_altar, nicolae_ossuary_entry_plus
Ossuary:  ossuary_minmay_chase

Skill      XL: |  1  2  3  4  5  6  7 |
---------------+----------------------+-----
Fighting       | 3 4 5 |  5.2
Maces & Flails | 3 |  3.1
Polearms       | 2 3 |  3.7
Dodging        | |  2.4
Unarmed Combat | |  3.0

Action                     |  1- 3 |  4- 6 |  7- 9 || total
---------------------------+-------+-------+-------++-------
  Melee: Unarmed           |    65 |     3 |       ||    68
         Punch             |     1 |       |       ||     1
         Halberd           |       |    44 |    88 ||   132
    Use: Scroll            |    10 |       |     3 ||    13
         Potion            |       |       |     2 ||     2
   Stab: Sleeping          |     1 |       |       ||     1
 Armour: Animal skin       |    16 |       |       ||    16
         Robe              |     1 |    30 |    63 ||    94
  Dodge: Dodged            |    36 |    29 |    73 ||   138
